 Dungeon Crawl Stone Soup version 0.30-a0-170-g85af917532 (webtiles) character file.

Game seed: 8950309366379735284

238 qw the Chopper (level 6, -5/38 HPs)
             Began as a Gargoyle Fighter on Sept 30, 2022.
             Slain by a gnoll bouda
             ... wielding a +0 mace
              (12 damage)
             ... on level 3 of the Dungeon.
             The game lasted 00:00:56 (2672 turns).

qw the Chopper (Gargoyle Fighter)                   Turns: 2672, Time: 00:00:57

Health: -5/38      AC: 13    Str: 22    XL:     6   Next: 7%
Magic:  6/6        EV:  9    Int:  8    God:
Gold:   119        SH:  4    Dex:  9    Spells: 5/5 levels left

rFire   . . .      SeeInvis .    Y - +1 war axe
rCold   . . .      Faith    .    c - +0 buckler
rNeg    + . .      Spirit   .    b - +0 scale mail
rPois   inf        Reflect  .    (no helmet)
rElec   +          Harm     .    j - +0 cloak
rCorr   .          Rampage  .    k - +0 pair of gloves
Will    .....                    (no boots)
Stlth   ..........               (no amulet)
HPRegen 0.12/turn                (no ring)
MPRegen 0.10/turn                (no ring)

@: weakened, flying
A: sickness immunity, AC +4, negative energy resistance 1, electricity
resistance, torment resistance 1, petrification resistance, big wings,
MP-powered wands
a: no special abilities


You were on level 3 of the Dungeon.
You visited 1 branch of the dungeon, and saw 3 of its levels.

You collected 119 gold pieces.


Innate Abilities, Weirdness & Mutations

You are immune to sickness and miasma.
Your stone body is resilient. (AC +4)
You are immune to poison.
You resist negative energy. (rN+)
You are resistant to electric shocks. (rElec)
You are resistant to unholy torment.
You are immune to petrification.
Your large and strong wings let you fly.
You expend magic power (3 MP) to strengthen your wands.


   Skills:
 - Level 4.0 Fighting
 - Level 5.0 Axes
 - Level 3.2 Armour
 + Level 0.9 Dodging
 - Level 3.2 Shields


You had 5 spell levels left.
You didn't know any spells.
Your spell library was empty.

Inventory:

Hand Weapons
 f - a +0 whip
 Y - a +1 war axe (weapon)
Missiles
 a - 10 boomerangs (quivered)
Armour
 b - a +0 scale mail (worn)
 c - a +0 buckler (worn)
 e - a +0 chain mail
 j - a +0 cloak (worn)
 k - a +0 pair of gloves (worn)
Potions
 d - 2 potions of might
 g - a potion of degeneration {unknown}
 h - a potion of mutation
 i - a potion of haste {unknown}
 l - a potion of lignification {unknown}
 m - a potion of curing {unknown}

Dungeon Overview and Level Annotations

Branches:
Dungeon (3/15)

Altars:

Shops:
D:1 *


Message History

The gnoll hits you but does no damage.
You barely miss the gnoll.
The gnoll is almost dead.
The gnoll barely misses you.
You slash the gnoll!
You kill the gnoll!
You start resting.
A gnoll bouda comes into view. It is wielding a +0 mace.
Things that are here:
a +0 spear; 8 gold pieces; a gnoll corpse An orc comes into view.
It is wielding a +0 falchion.
The orc shouts!
You hit the gnoll bouda but do no damage.
A gnoll comes into view. It is wielding a +0 club.
The gnoll bouda barely misses you.
You barely miss the gnoll bouda.
The gnoll shouts!
An orc comes into view. It is wielding a +0 war axe.
The gnoll bouda hits you with a +0 mace.
You closely miss the gnoll bouda.
The gnoll bouda gazes fiercely through you!
You feel your attacks grow feeble.
The gnoll bouda hits you with a +0 mace!
The gnoll bouda hits you but does no damage.
You slash the gnoll bouda!
The gnoll bouda is heavily wounded.
You closely miss the orc. The orc barely misses you.
The gnoll bouda gazes fiercely through you!
You feel as though you will be weak longer.
You block the gnoll bouda's attack.
You barely miss the gnoll bouda.
The gnoll bouda is heavily wounded.
The gnoll shouts!
You hit the orc. You block the orc's attack.
The gnoll bouda gazes fiercely through you!
You feel as though you will be weak longer.
The gnoll bouda hits you with a +0 mace!
You die...

######################..
####
.............)).@g.g.og.
....
...~~~~~~~~~))~~~o~~~~..
~~~~
...~~~~~~~~~~~~~~~~~~~..
~~~~
...~~#####~~~~~~~~~~~~..
~~~~
...~~#ggo#..............
....
..P~~#.gg#############''
#### ...~~###o# .
...~~~.#.' ...~~~.#


You could see a gnoll bouda, 2 gnolls and 2 orcs.

Vanquished Creatures
  2 howler monkeys (D:3)
  A hound (D:3)
  2 adders (D:2)
  3 gnolls (D:3)
  2 worms (D:2)
  2 dart slugs (D:2)
  7 orcs (D:3)
  8 endoplasms
  6 goblins
  3 hobgoblins
  14 jackals
  3 quokkas
  5 ball pythons
  2 bats
  A frilled lizard (D:2)
  2 kobolds
  2 rats (D:1)
65 creatures vanquished.

Notes
Turn   | Place    | Note
-------+----------+-------------------------------------------
     0 | D:1      | qw the Gargoyle Fighter began the quest for the Orb.
     0 | D:1      | Reached XP level 1. HP: 14/14 MP: 1/1
     0 | D:1      | 0 ||| qw: Version: 0.2-a-13-gfc7b4b4
     0 | D:1      | 0 ||| qw: Game counter: 1657
     0 | D:1      | 0 ||| qw: Always use a shield: true
     0 | D:1      | 0 ||| qw: God list: Okawaru
     0 | D:1      | 0 ||| qw: Allow faded altars: false
     0 | D:1      | 0 ||| qw: Do Orc after D:15 true
     0 | D:1      | 0 ||| qw: Do second Lair branch before Depths: true
     0 | D:1      | 0 ||| qw: Lair rune preference: random
     0 | D:1      | 0 ||| qw: Plans: Normal, Zot:1-4, God:TSO, Crypt, Tomb,
                  | Pan, Slime:5, Hells, Abyss, Orb
     0 | D:1      | 0 ||| PLANNING D:1-11
   106 | D:1      | Reached skill level 2 in Axes
   416 | D:1      | Reached XP level 2. HP: 19/19 MP: 2/2
   472 | D:1      | Found Pihint's General Store.
   677 | D:1      | 677 ||| SHOPLISTING potion of haste (110 gold, have 18).
   677 | D:1      | 677 ||| SHOPLISTING potion of mutation (88 gold, have 18).
   677 | D:1      | 677 ||| SHOPLISTING scroll of identify (22 gold, have 18).
   778 | D:1      | 778 ||| Stepping ~*~*~tactically~*~*~ (stealth).
   792 | D:1      | 792 ||| Stepping ~*~*~tactically~*~*~ (stealth).
   805 | D:1      | 805 ||| Stepping ~*~*~tactically~*~*~ (stealth).
  1161 | D:1      | 1161 ||| UPGRADING to +0 cloak.
  1166 | D:1      | 1166 ||| UPGRADING to +0 pair of gloves.
  1171 | D:1      | 1171 ||| READING scroll labelled FOFUREVAIC.
  1213 | D:1      | 1213 ||| DRINKING 2 viscous green potions.
  1213 | D:1      | Gained mutation: Your large and strong wings let you fly.
                  | [potion of mutation]
  1213 | D:1      | Gained mutation: You expend magic power (3 MP) to
                  | strengthen your wands. [potion of mutation]
  1297 | D:2      | Reached skill level 3 in Axes
  1482 | D:2      | Reached XP level 3. HP: 23/23 MP: 3/3
  1690 | D:2      | 1690 ||| Stepping ~*~*~tactically~*~*~ (hiding).
  1692 | D:2      | 1692 ||| Stepping ~*~*~tactically~*~*~ (hiding).
  1742 | D:2      | 1742 ||| Stepping ~*~*~tactically~*~*~ (stealth).
  1743 | D:2      | 1743 ||| Stepping ~*~*~tactically~*~*~ (stealth).
  1752 | D:2      | Reached XP level 4. HP: 28/28 MP: 4/4
  1893 | D:2      | 1893 ||| Stepping ~*~*~tactically~*~*~ (hiding).
  2121 | D:2      | Reached skill level 4 in Axes
  2139 | D:2      | 2139 ||| READING scroll labelled PIGRAMOU ALON.
  2144 | D:2      | 2144 ||| READING scroll labelled NEONWU POUFI.
  2361 | D:3      | Reached XP level 5. HP: 12/32 MP: 5/5
  2364 | D:3      | Reached skill level 5 in Axes
  2589 | D:3      | Noticed an ogre
  2591 | D:3      | 2591 ||| Stepping ~*~*~tactically~*~*~ (stealth).
  2643 | D:3      | Reached XP level 6. HP: 16/38 MP: 6/6
  2670 | D:3      | HP: 6/38 [gnoll bouda/+0 mace (8)]
  2672 | D:3      | Slain by a gnoll bouda

Levels and vault maps discovered:
D:1:      lemuel_arrival_behind_the_door_large, layout_loops_ring, serial_shops,
          shop_fountains, minmay_pentomino_u4
D:2:      layout_loops_ring
D:3:      lemuel_castle_with_subvaults [lemuel_castle_interior_carwin_1],
          layout_basic, tso_metal_star

Skill      XL: |  1  2  3  4  5 |
---------------+----------------+-----
Axes           | 2 3 4 5 |  5.0
Fighting       | 4 |  4.0
Armour         | |  3.2
Dodging        | |  0.9
Shields        | |  3.2

Action                   |  1- 3 |  4- 6 || total
-------------------------+-------+-------++-------
Melee: War axe           |    91 |   124 ||   215
Throw: Boomerang         |    16 |     9 ||    25
  Use: Scroll            |     1 |     2 ||     3
       Potion            |     1 |       ||     1
Armor: Scale mail        |    52 |    80 ||   132
Dodge: Dodged            |    30 |    53 ||    83
Block: Buckler           |    13 |    25 ||    38

Table legend:
 A = Non-vault XP
 B = Vault XP
 C = Vault XP percentage of total XP
 D = Non-vault monster count
 E = Vault monster count
 F = Vault count percentage of total count
                 A         B        C        D         E       F
            +---------+---------+-------+---------+---------+-------
      Total |     117 |     223 |  65.6 |      44 |      21 |  32.3
            +---------+---------+-------+---------+---------+-------
        D:1 |      26 |       2 |   7.1 |      15 |       2 |  11.8
        D:2 |      72 |       0 |   0.0 |      22 |       0 |   0.0
        D:3 |      19 |     221 |  92.1 |       7 |      19 |  73.1
            +---------+---------+-------+---------+---------+-------
